 Dungeon Crawl Stone Soup version 0.27-a0-887-gcab673c142 (webtiles) character file.

Game seed: 13918043955301995737

614553 Kakkamies the Archmage (level 27, -3/180 HPs)
             Began as a Djinni Fire Elementalist on Apr 3, 2021.
             Was the Champion of Makhleb.
             Slain by the Royal Jelly (6 damage)
             ... on level 5 of the Pits of Slime on Apr 5, 2021.
             The game lasted 09:47:01 (74224 turns).

Kakkamies the Archmage (Djinni Fire Elementalist)  Turns: 74224, Time: 09:47:04

Health: -3/180     AC: 21    Str: 11    XL:     27
Gold:   6611       EV: 18    Int: 30    God:    Makhleb [******] SH: 20 Dex: 21

rFire    + + .     SeeInvis +   f - +6 rapier of Ilic {speed, rElec rPois rC+++ Int-2}
rCold    + + +     Faith    .   O - +6 kite shield of the Pleiades {Int+2}
rNeg     + + +     Spirit   .   x - +3 ice dragon scales
rPois    ∞         Reflect  .   l - +0 hat of the Louse {rElec SInv}
rElec    +         Harm     .   y - +0 cloak of the Game Afoot {Drain rN++ Int+3 Stlth+}
rCorr    +         Rampage  .   a - +2 pair of gloves
Will     +++..                  (boots unavailable)
Stlth    +++.......             K - amulet of regeneration
HPRegen  1.40/turn              v - ring "Ynua" {Fire rN+ Str-2 Dex+4}
MPRegen  0.00/turn              h - ring of Mesir {Will+ rCorr MP+9 Str+6 Stlth+}

@: marked, corroded, flying, hasted, very quick
A: fire resistance 2, cold vulnerability 1, float, innate caster, hp casting,
extra vitality 1, frail 1
}: 3/15 runes: decaying, silver, gossamer
a: Renounce Religion, Minor Destruction, Lesser Servant of Makhleb, Major
Destruction, Greater Servant of Makhleb


You were on level 5 of the Pits of Slime.
You worshipped Makhleb.
Makhleb was exalted by your worship.
You visited 13 branches of the dungeon, and saw 55 of its levels.
You also visited: Bailey and Volcano.

You collected 8053 gold pieces.
You spent 1442 gold pieces at shops.

Inventory:

Hand Weapons
 c - the +0 broad axe of Mysmeddu {pain, rC++ rN+ SInv}
   (You found it on level 5 of the Vaults)

   In the hands of one skilled in necromantic magic, it inflicts extra damage on
   living creatures.
   It greatly protects you from cold.
   It protects you from negative energy.
   It lets you see invisible.
 f - the +6 rapier of Ilic (weapon) {speed, rElec rPois rC+++ Int-2}
   (You found it on level 5 of the Vaults)

   Attacks with this weapon are significantly faster.
   It affects your intelligence (-2).
   It renders you almost immune to cold.
   It insulates you from electricity.
   It protects you from poison.
Armour
 a - a +2 pair of gloves (worn)
 d - a +4 troll leather armour
 l - the +0 hat of the Louse (worn) {rElec SInv}
   (You found it on level 1 of the Vaults)

   It insulates you from electricity.
   It lets you see invisible.
 x - +3 ice dragon scales (worn)
 y - the +0 cloak of the Game Afoot (worn) {Drain rN++ Int+3 Stlth+}
   (You bought it in a shop on level 1 of the Orcish Mines)

   It affects your intelligence (+3).
   It greatly protects you from negative energy.
   It drains your maximum health when unequipped.
   It makes you more stealthy.
 O - the +6 kite shield of the Pleiades (worn) {Int+2}
   (You took it off a deep elf knight on level 1 of the Elven Halls)

   It affects your intelligence (+2).
Magical Staves
 E - a staff of fire
Jewellery
 b - a +6 ring of intelligence
 h - the ring of Mesir (right hand) {Will+ rCorr MP+9 Str+6 Stlth+}
   (You bought it in a shop on level 1 of the Vaults)

   [ring of resist corrosion]

   It affects your strength (+6).
   It affects your magic capacity (+9).
   It protects you from acid and corrosion.
   It increases your willpower.
   It makes you more stealthy.
 s - the ring of Levity {rC+ Will+ EV+4}
   (You found it on level 5 of the Vaults)

   [ring of evasion]

   It affects your evasion (+4).
   It protects you from cold.
   It increases your willpower.
 v - the ring "Ynua" (left hand) {Fire rN+ Str-2 Dex+4}
   (You found it on level 6 of the Lair of Beasts)

   [ring of fire]

   It enhances your fire magic.
   It affects your strength (-2).
   It affects your dexterity (+4).
   It protects you from fire.
   It makes you vulnerable to cold.
   It protects you from negative energy.
 K - an amulet of regeneration (around neck)
Wands
 m - a wand of digging (29)
 n - a wand of iceblast (52) (quivered)
 p - a wand of mindburst (10)
 Z - a wand of paralysis (19)
Scrolls
 e - 2 scrolls of summoning
 k - 25 scrolls of teleportation
 B - 5 scrolls of blinking
 H - 3 scrolls of magic mapping
 Q - 9 scrolls of fog
 U - a scroll of holy word
 X - 4 scrolls of immolation
 Y - 8 scrolls of fear
Potions
 g - 6 potions of mutation
 i - 3 potions of ambrosia
 j - 13 potions of heal wounds
 q - 19 potions of curing
 t - 7 potions of attraction
 z - 2 potions of invisibility
 A - 9 potions of lignification
 C - 8 potions of brilliance
 I - 13 potions of might
 M - 2 potions of resistance
 N - 5 potions of berserk rage
 T - 4 potions of haste
Miscellaneous
 r - a condenser vane
 D - a tin of tremorstones (2/2)
 L - a box of beasts
 R - the horn of Geryon
 V - a phantom mirror
 W - a phial of floods


   Skills:
 * Level 18.6 Fighting
 - Level 3.0 Long Blades
 - Level 6.0 Staves
 * Level 18.1 Armour
 * Level 17.7 Dodging
 - Level 1.8 Stealth
 - Level 15.0 Shields
 O Level 27 Spellcasting
 - Level 0.8 Invocations
 * Level 9.1 Evocations


You couldn't memorise any spells.
You knew the following spells:

 Your Spells              Type           Power      Damage    Failure   Level
a - Foxfire               Conj/Fire      100%       2x1d9     0%          1
b - Conjure Flame         Conj/Fire      100%       6-21      0%          3
c - Inner Flame           Hex/Fire       100%       N/A       0%          3
d - Sticky Flame          Conj/Fire      100%       2d11      0%          4
e - Fireball              Conj/Fire      70%        3d26      0%          5
f - Animate Skeleton      Necr           100%       N/A       0%          1
g - Passwall              Tmut/Erth      96%        N/A       0%          2
h - Searing Ray           Conj           100%       3d7       0%          2
i - Ozocubu's Armour      Ice            100%       N/A       0%          3
j - Bolt of Magma         Conj/Fire/Erth 70%        4d27      0%          5
k - Lightning Bolt        Conj/Air       58%        1d80      0%          5
l - Death Channel         Necr           58%        N/A       0%          6
m - Conjure Ball Lightni  Conj/Air       58%        3x3d21    0%          6
n - Monstrous Menagerie   Summ           58%        N/A       1%          7
o - Spellforged Servitor  Conj/Summ      58%        N/A       1%          7
p - Chain Lightning       Conj/Air       58%        N/A       1%          8
q - Ignition              Fire           70%        3d19      1%          8
r - Dragon's Call         Summ           58%        N/A       3%          9
Your spell library was empty.

Dungeon Overview and Level Annotations

Branches:
Dungeon (15/15)            Temple (1/1) D:5            Lair (6/6) D:8
  Swamp (4/4) Lair:3       Spider (4/4) Lair:3        Slime (5/5) Lair:5
    Orc (2/2) D:10            Elf (3/3) Orc:2        Vaults (5/5) D:13
  Crypt (3/3) Vaults:3       Tomb (1/3) Crypt:3      Depths (5/5) D:15
   Hell (visited)             Dis (0/7) Hell            Geh (0/7) Hell
    Coc (0/7) Hell            Tar (0/7) Hell            Zot (0/5) Depths:5
 Bailey (visited)         Volcano (visited)

Altars:
Ashenzari
Cheibriados
Dithmenos
Elyvilon
Fedhas
Gozag
Hepliaklqana
Kikubaaqudgha
Makhleb
Nemelex Xobeh
Okawaru
Qazlal
Ru
Sif Muna
Trog
Uskayaw
Vehumet
Wu Jian
Xom
Yredelemnul
Zin
The Shining One

Shops:
D:12 !   D:15 [   Orc:1 *   Orc:2 (:*!!   Elf:2 *[:!(   Vaults:1 =   Vaults:3 *
Depths:1 :=:

Portals:
Hell: Depths:1 Depths:2 Depths:3 Depths:4 Depths:5
Abyss: Depths:4 Depths:5
Pandemonium: Depths:3
Ziggurat: Depths:2

Annotations:
D:13 2 transporters, Mandevil's ghost, journeyman DjIE
Slime:5 Royal Jelly
Elf:1 6 runed translucent doors
Depths:2 exclusions: eye of devastation, 2 floating eyes, shining eye and 1 more exclusion
Depths:3 2 transporters


Innate Abilities, Weirdness & Mutations

You are immune to poison.
Your flesh is very heat resistant. (rF++)
You are vulnerable to cold. (rC-)
You float through the air rather than walking.
You learn spells naturally, not from books.
Your magical power is your life essence.
You have superior vitality. (+4 HP)
You are frail. (-10% HP)


Message History

Casting: Ignition (mildly dangerous; 1% risk of failure)
Press: ? - help, Dir - look around, f - activate You feel a surge of power!
The air bursts into flame!
The fireball engulfs the acid blob!!
The acid blob is heavily wounded.
The fireball engulfs the acid blob!!
The acid blob is lightly wounded.
The fireball engulfs the rockslime.
The rockslime resists.
The rockslime is almost dead.
An eye of devastation comes into view.
You block the rockslime's attack. The acid blob spits acid at you.
The splash of acid hits you but does no damage.
The acid corrodes you!
You are splashed with acid.
You resist.
The Royal Jelly comes into view.
An eye of devastation comes into view.
The acid blob spits acid at you. You block the splash of acid.
The acid blob hits you.
You are splashed with acid.
You resist. The acid blob spits acid at you. The splash of acid misses you.
There is a stone staircase leading up here.
The rockslime hits you!!
You are shoved backwards!
You stop ascending the stairs.
The acid blob spits acid at you. The splash of acid misses you.
The Royal Jelly hits you!!
* * * LOW HITPOINT WARNING * * *
You are splashed with acid.
You resist.
* * * LOW HITPOINT WARNING * * *
The Royal Jelly hits you.
* * * LOW HITPOINT WARNING * * *
You are splashed with acid.
You resist.
* * * LOW HITPOINT WARNING * * *
You feel yourself speed up. The rockslime closely misses you.
The acid blob hits you!!
* * * LOW HITPOINT WARNING * * *
You are splashed with acid.
You resist.
* * * LOW HITPOINT WARNING * * *
The Royal Jelly misses you. The Royal Jelly hits you.
You die...

.#..... .......##
........###
..........#
..........#
..........#
..........####
.......JJ....##
........@.....#
...G.J.J.........
................#
.......G.........
................
................
...............
#..............


You could see the Royal Jelly, 2 acid blobs, a rockslime and 2 eyes of
devastation.

Vanquished Creatures
  A dread lich (Vaults:5)
  An ancient lich (Vaults:5)
  A juggernaut (Depths:5)
  Sojobo (Depths:1)
  Saint Roka (Depths:1)
  Bai Suzhen (Elf:3)
  Xtahua (Vaults:5)
  Geryon (Hell)
  Margery (Depths:5)
  2 caustic shrikes (Depths:4)
  4 golden dragons
  Jory (Depths:5)
  6 bone dragons
  4 tentacled monstrosities
  11 liches
  2 deep elf master archers (Elf:3)
  17 acid blobs
  4 deep elf blademasters
  5 titans
  2 quicksilver dragons (Vaults:5)
  15 sphinxes
  2 ancient champions (Crypt:2)
  3 storm dragons (Vaults:5)
  Agnes (Elf:2)
  A revenant (Hell)
  5 tengu reavers
  Donald (Swamp:4)
  3 shadow dragons (Vaults:5)
  2 thorn hunters
  4 azure jellies
  4 rockslimes
  12 fire giants
  7 ghost moths
  2 iron dragons
  A draconian knight (Depths:5)
  An orc warlord (Elf:2)
  12 frost giants
  6 deep elf sorcerers
  8 emperor scorpions
  9 vault wardens
  10 deep elf elementalists
  2 balrugs
  A cacodemon (Hell)
  20 ironbound preservers
  4 quicksilver oozes
  7 ghouls
  3 reapers (Hell)
  2 spriggan defenders
  23 very ugly things
  A draconian stormcaller (Depths:5)
  7 war gargoyles
  9 vampire knights
  The ghost of McIrco the Tortoise, a journeyman MiFi of Okawaru (D:15)
  2 bennus (Tomb:1)
  22 stone giants
  The ghost of murderhobo the Fighter, a journeyman HOHu of Beogh (Lair:3)
  4 deep elf demonologists
  A green draconian (Depths:5)
  5 deep elf annihilators
  A white draconian (Depths:5)
  A red draconian (Depths:5)
  8 dire elephants
  6 bunyips
  2 purple draconians (Depths:5)
  8 entropy weavers
  A blizzard demon (Hell)
  4 deep elf death magi
  7 eidola
  4 spark wasps
  8 ettins
  2 eleionomae
  6 mummy priests
  3 jiangshi
  2 merfolk impalers
  5 crystal guardians
  5 fire dragons
  2 shambling mangroves
  17 yaktaur captains
  7 deep elf high priests
  4 ironbound thunderhulks
  13 great orbs of eyes
  2 rakshasas (Depths:2)
  Erolcha (D:11)
  36 vault guards
  6 ice dragons
  A peacekeeper (Vaults:3)
  4 ogre magi
  4 ghost crabs (Swamp:4)
  22 hydras
  7 centaur warriors
  3 hell beasts (Hell)
  7 ironbound frosthearts
  A monstrous demonspawn (Depths:3)
  4 boulder beetles
  7 alligators
  12 two-headed ogres
  2 spriggan air magi
  35 dancing weapons
  12 deep troll shamans
  2 death knights
  6 death yaks (Lair:5)
  8 deep troll earth magi
  A titan zombie (Crypt:3)
  4 hell hogs (Hell)
  6 ironbound beastmasters
  34 hell knights
  9 tengu warriors
  5 spriggan berserkers
  4 sun demons
  A vampire mage (Crypt:2)
  13 spriggans
  5 orc high priests
  A fire crab (shapeshifter) (D:13)
  Sonja (D:12)
  A shock serpent (shapeshifter) (Vaults:5)
  10 iron trolls
  3 titan skeletons
  3 sixfirhies
  A storm dragon zombie (Crypt:3)
  15 deep elf knights
  2 fire crabs
  5 soul eaters (Hell)
  A sea snake (Depths:3)
  29 skeletal warriors
  A shadow wraith (Vaults:5)
  50 deep trolls
  5 swamp dragons
  3 spriggan druids (Swamp:3)
  A death drake (Depths:3)
  A kraken simulacrum (Hell)
  4 goliath frogs
  2 glowing orange brains
  4 deep elf archers (Elf:1)
  10 bog bodies
  An orange crystal statue (Elf:3)
  2 anaconda zombies
  3 flayed ghosts
  An anaconda skeleton (Crypt:3)
  14 ironbound convokers
  A spectral hydra (Swamp:4)
  11 wizards
  12 phantasmal warriors
  48 ugly things
  Pikel (D:5)
  3 lindwurms
  15 orc knights
  15 deep elf zephyrmancers
  A sphinx skeleton (Crypt:1)
  22 necromancers
  5 deep elf pyromancers
  9 harpies
  2 fire giant zombies
  8 orb spiders
  44 wolf spiders
  A wolf spider (shapeshifter) (Depths:3)
  2 shining eyes
  An orc sorcerer (Orc:2)
  8 manticores
  A tengu skeleton (Vaults:3)
  A manticore (shapeshifter) (Depths:4)
  An iron dragon skeleton (Crypt:3)
  5 will-o-the-wisps
  A cyclops (shapeshifter) (Vaults:5)
  11 black mambas
  6 elephants (Lair:5)
  A shadow dragon skeleton (Vaults:3)
  A moth of wrath (Spider:2)
  A frost giant skeleton (Crypt:2)
  2 fire giant skeletons (Depths:1)
  A stone giant skeleton (Depths:1)
  9 molten gargoyles
  An ice statue (Hell)
  5 cyclopes
  A guardian serpent (Depths:5)
  25 vault sentinels
  A dire elephant zombie (Crypt:2)
  A spriggan zombie (Depths:4)
  4 gargoyles
  5 eyes of devastation
  3 torpor snails
  3 smoke demons (Hell)
  2 naga magi (Vaults:1)
  2 orange demons
  15 cane toads
  5 swamp worm zombies (Swamp:4)
  A hellion (Hell)
  A minotaur zombie (Crypt:2)
  30 yaktaurs
  11 demonic crawlers
  A sea snake zombie (Hell)
  An emperor scorpion zombie (Crypt:3)
  Psyche (D:8)
  A kobold demonologist (Bailey)
  A pale draconian skeleton (Crypt:2)
  5 unseen horrors (Elf:2)
  14 rime drakes
  2 efreet
  8 tengu conjurers
  12 komodo dragons
  A tormentor (Depths:3)
  A death yak zombie (Crypt:2)
  3 ice devils
  5 freezing wraiths
  A hellwing (Depths:3)
  A red devil (Depths:3)
  An iron troll skeleton (Crypt:1)
  12 guardian mummies
  A hornet (shapeshifter) (Depths:5)
  4 bloated husks
  31 hornets
  3 meliai (D:13)
  14 tyrant leeches
  2 hydra skeletons (Hell)
  3 hydra zombies (Swamp:4)
  38 jumping spiders
  A queen bee (D:13)
  A polar bear (Lair:6)
  A harpy skeleton (Crypt:3)
  2 ettin zombies (Crypt:2)
  115 slime creatures
  3 spectral swamp dragons (Swamp:4)
  8 trolls
  3 alligator zombies
  2 fire dragon zombies (Crypt:3)
  3 dream sheep (Lair:3)
  A guardian serpent skeleton (Crypt:2)
  5 blink frogs
  A stone giant simulacrum (Depths:1)
  45 flying skulls
  2 air elementals (Elf:1)
  2 deep troll skeletons
  93 redbacks
  A black mamba zombie (Crypt:2)
  2 elf skeletons (Depths:4)
  9 ushabtiu (Tomb:1)
  5 wraiths
  An ettin skeleton (Vaults:3)
  8 fire bats (Volcano)
  12 water elementals
  31 tarantellas
  39 yaks
  2 vampires
  A redback (shapeshifter) (Vaults:1)
  A ynoxinul (Depths:3)
  An alligator skeleton (Hell)
  9 basilisks
  A basilisk (shapeshifter) (D:15)
  13 steam dragons
  6 wyverns
  6 vampire mosquitoes
  Menkaure (D:5)
  An acid dragon (D:12)
  A warg (Depths:1)
  15 water moccasins
  A hydra simulacrum (Hell)
  16 swamp worms
  Duvessa (D:6)
  5 hell hounds
  3 floating eyes
  36 orc warriors
  2 cane toad skeletons
  A hornet zombie (D:8)
  A two-headed ogre skeleton (Crypt:2)
  2 black bears
  5 swamp dragon zombies
  2 swamp drakes
  4 necrophages
  An ice beast (D:6)
  2 sky beasts
  A manticore zombie (Hell)
  5 wolves
  2 boggarts
  10 centaurs
  12 ogres
  A swamp dragon skeleton (Crypt:2)
  A lemure (D:4)
  A snapping turtle skeleton (Crypt:3)
  7 phantoms (Swamp:4)
  2 kobold brigands (D:5)
  11 bullfrogs
  A gnoll sergeant (D:9)
  A bullfrog (shapeshifter) (D:14)
  4 earth elementals
  A water moccasin zombie (D:6)
  8 scorpions
  Dowan (D:6)
  16 wights
  14 killer bees
  A raiju skeleton (Crypt:1)
  17 electric eels
  A basilisk zombie (Crypt:2)
  8 hounds
  4 jellies (Lair:5)
  11 lava snakes
  A centaur zombie (D:9)
  A bullfrog zombie (D:5)
  2 human zombies (Crypt:1)
  28 orc priests
  Crazy Yiuf (D:2)
  3 gnoll shamans
  A bullfrog skeleton (D:5)
  A human skeleton (Crypt:1)
  Terence (D:2)
  Natasha (thrice) (D:2)
  7 iguanas
  27 orc wizards
  3 spectral swamp drakes (Swamp:4)
  7 hell rats (Hell)
  A demigod zombie (Crypt:1)
  A felid zombie (Crypt:2)
  2 hound skeletons (D:4)
  15 mummies
  29 gnolls
  4 adders
  A swamp drake zombie (Swamp:4)
  A white imp (D:5)
  2 ufetubi
  2 worms
  3 dart slugs
  86 orcs
  2 ball pythons
  8 bats
  7 endoplasms
  3 giant cockroaches (Lair:3)
  25 goblins
  7 hobgoblins
  15 jackals
  22 kobolds
  3 quokkas
  8 frilled lizards
  A quokka skeleton (D:4)
  5 rats
  A rat skeleton (Crypt:1)
  5 briar patches (Swamp:4)
  A plant (Depths:3)
  2 tentacles (Hell)
2403 creatures vanquished.

Vanquished Creatures (collateral kills)
  2 acid blobs (Slime:1)
  A tengu reaver (D:14)
  A rockslime (Slime:1)
  A curse skull (Crypt:1)
  A quicksilver ooze (Slime:1)
  A vampire knight (Crypt:1)
  A hydra (D:14)
  A tengu warrior (D:14)
  A two-headed ogre (D:14)
  A phantasmal warrior (Crypt:1)
  2 ugly things (D:14)
  A shining eye (Slime:1)
  A cyclops (D:14)
  An eleionoma skeleton (Crypt:1)
  An elephant (shapeshifter) (D:14)
  A troll (D:14)
  9 slime creatures
  An orc warrior (Depths:1)
  A howler monkey (D:14)
  9 ball lightnings
  5 foxfires
43 creatures vanquished.

Vanquished Creatures (others)
  An alligator (Swamp:4)
  A smoke demon (Hell)
  An orc priest (Orc:2)
  An orc (D:6)
  108 ball lightnings
  993 foxfires
  32 fungi
  45 plants
  2 tentacles (Hell)
1184 creatures vanquished.

Grand Total: 3630 creatures vanquished

Notes
Turn   | Place    | Note
-------+----------+-------------------------------------------
     0 | D:1      | Kakkamies the Djinni Fire Elementalist began the quest for
                  | the Orb.
     0 | D:1      | Reached XP level 1. HP: 15/15 MP: 0/0
   181 | D:1      | Reached skill level 3 in Spellcasting
   181 | D:1      | Reached XP level 2. HP: 19/21 MP: 0/0
   769 | D:1      | Reached XP level 3. HP: 24/26 MP: 0/0
   769 | D:1      | Learned a level 1 spell: Animate Skeleton
  1978 | D:2      | Noticed Natasha
  1991 | D:2      | Killed Natasha
  1992 | D:2      | Reached skill level 1 in Fighting
  1992 | D:2      | Reached XP level 4. HP: 25/32 MP: 0/0
  2218 | D:2      | Found a runed translucent door.
  2219 | D:2      | Noticed Crazy Yiuf
  2270 | D:2      | Noticed Natasha
  2280 | D:2      | Killed Natasha
  2281 | D:2      | Reached skill level 4 in Spellcasting
  2391 | D:2      | Noticed Natasha
  2410 | D:2      | Killed Natasha
  2411 | D:2      | Reached XP level 5. HP: 24/37 MP: 0/0
  2411 | D:2      | Learned a level 2 spell: Passwall
  2638 | D:2      | Noticed Terence
  2711 | D:2      | Found a faded altar of an unknown god.
  3311 | D:2      | Reached skill level 1 in Staves
  3990 | D:3      | Reached XP level 6. HP: 25/42 MP: 0/0
  4962 | D:4      | Found a glowing silver altar of Zin.
  5513 | D:4      | Reached skill level 5 in Spellcasting
  6206 | D:5      | Entered Level 5 of the Dungeon
  6206 | D:5      | Found a shimmering altar of Xom.
  6306 | D:5      | Noticed Pikel
  6389 | D:5      | Reached skill level 1 in Evocations
  6712 | D:5      | Reached XP level 7. HP: 44/48 MP: 0/0
  6712 | D:5      | Learned a level 2 spell: Searing Ray
  7111 | D:5      | Killed Pikel
  7112 | D:5      | Reached skill level 6 in Spellcasting
  7112 | D:5      | Reached XP level 8. HP: 34/55 MP: 0/0
  7450 | D:5      | Reached skill level 7 in Spellcasting
  7533 | D:5      | Noticed Menkaure
  7540 | D:5      | Killed Menkaure
  8204 | D:5      | Found a staircase to the Ecumenical Temple.
  8212 | Temple   | Entered the Ecumenical Temple
  8285 | Temple   | Became a worshipper of Makhleb the Destroyer
  8606 | D:5      | Reached skill level 8 in Spellcasting
  8606 | D:5      | Reached XP level 9. HP: 28/60 MP: 0/0
  8606 | D:5      | Learned a level 3 spell: Ozocubu's Armour
  8975 | D:6      | Noticed Dowan
  8982 | D:6      | Killed Dowan
  9026 | D:6      | Noticed Duvessa
  9299 | D:2      | Killed Terence
  9467 | D:2      | Killed Crazy Yiuf
 10350 | D:6      | Reached skill level 1 in Shields
 10920 | D:6      | Reached * piety under Makhleb
 10974 | D:6      | Found a bloodstained altar of Trog.
 11058 | D:6      | Reached skill level 9 in Spellcasting
 11122 | D:6      | Killed Duvessa
 11221 | D:6      | Found an iron altar of Okawaru.
 11409 | D:6      | Found a glowing golden altar of the Shining One.
 11460 | D:6      | Noticed an angel
 11477 | D:6      | Found a basalt altar of Yredelemnul.
 11480 | D:6      | Noticed a profane servitor
 11945 | D:7      | Reached skill level 5 in Dodging
 11958 | D:7      | Reached XP level 10. HP: 26/67 MP: 0/0
 13033 | D:8      | Noticed Psyche
 13036 | D:8      | Killed Psyche
 13047 | D:8      | Reached skill level 10 in Spellcasting
 13232 | D:8      | Found a staircase to the Lair.
 13520 | D:8      | You are sucked into a shaft and drop 1 floor!
 13520 | D:9      | Found a flagged portal.
 13521 | D:9      | Reached ** piety under Makhleb
 13538 | Bailey   | Entered a bailey
 13634 | Bailey   | Noticed an orc knight
 13644 | Bailey   | Killed an orc knight
 13873 | Bailey   | Noticed an orc knight
 13880 | Bailey   | Killed an orc knight
 13880 | Bailey   | Noticed an orc high priest
 13891 | Bailey   | Noticed a kobold demonologist
 13893 | Bailey   | Killed an orc high priest
 13896 | Bailey   | Killed a kobold demonologist
 13897 | Bailey   | Reached skill level 11 in Spellcasting
 13897 | Bailey   | Reached XP level 11. HP: 50/74 MP: 0/0
 13897 | Bailey   | Learned a level 5 spell: Bolt of Magma
 14040 | Bailey   | Found an iron altar of Okawaru.
 14123 | Bailey   | Noticed an orc knight
 14131 | Bailey   | Killed an orc knight
 14132 | Bailey   | Reached skill level 5 in Fighting
 14489 | Bailey   | Reached *** piety under Makhleb
 14747 | Bailey   | Acquired a manual of Spellcasting
 15019 | D:8      | Found a stormy altar of Qazlal.
 16002 | D:9      | Reached skill level 12 in Spellcasting
 16309 | D:10     | Entered Level 10 of the Dungeon
 16427 | D:10     | Found a staircase to the Orcish Mines.
 16486 | D:10     | Noticed a two-headed ogre
 16492 | D:10     | Killed a two-headed ogre
 16656 | D:10     | Noticed a cyclops
 16656 | D:10     | Noticed a boulder beetle
 16814 | D:10     | Noticed a two-headed ogre
 16824 | D:10     | Killed a two-headed ogre
 16825 | D:10     | Reached skill level 13 in Spellcasting
 17235 | D:10     | Noticed a two-headed ogre
 17239 | D:10     | Killed a two-headed ogre
 17611 | D:11     | Noticed an eight-headed hydra
 17710 | Lair:1   | Entered Level 1 of the Lair of Beasts
 17827 | Lair:1   | Found a dark tunnel.
 17835 | Volcano  | Entered a volcano
 17892 | Volcano  | Reached skill level 14 in Spellcasting
 17909 | Volcano  | Reached XP level 12. HP: 82/82 MP: 0/0
 17919 | Volcano  | Reached **** piety under Makhleb
 17942 | Volcano  | Found a bloodstained altar of Trog.
 18005 | Volcano  | Identified the +5 falchion "Killer Klown's Peril" {protect,
                  | rElec Int+4}
 18512 | Lair:1   | Reached skill level 15 in Spellcasting
 18910 | Lair:1   | Noticed a four-headed hydra
 18913 | Lair:1   | Killed a four-headed hydra
 19420 | Lair:2   | Noticed a six-headed hydra
 19423 | Lair:2   | Killed a six-headed hydra
 19424 | Lair:2   | Reached skill level 5 in Staves
 19639 | Lair:2   | Reached skill level 16 in Spellcasting
 20298 | Lair:3   | Noticed a five-headed hydra
 20300 | Lair:3   | Killed a five-headed hydra
 20305 | Lair:3   | Reached ***** piety under Makhleb
 20311 | Lair:3   | Reached XP level 13. HP: 76/89 MP: 0/0
 20311 | Lair:3   | Learned a level 5 spell: Lightning Bolt
 20569 | Lair:3   | Found a hole to the Spider Nest.
 20810 | Lair:3   | Found a runed translucent door.
 20810 | Lair:3   | Found a shimmering altar of Xom.
 20810 | Lair:3   | Noticed murderhobo's ghost (journeyman HOHu)
 21132 | Lair:3   | Found a staircase to the Swamp.
 21330 | Lair:3   | You are sucked into a shaft and drop 3 floors!
 21330 | Lair:6   | Entered Level 6 of the Lair of Beasts
 21541 | Lair:5   | Found a staircase to the Slime Pits.
 21919 | Lair:5   | Reached skill level 17 in Spellcasting
 23778 | Lair:5   | Reached XP level 14. HP: 96/96 MP: 0/0
 23787 | Lair:5   | Reached skill level 18 in Spellcasting
 24288 | Lair:6   | Identified the ring "Ynua" {Fire rN+ Str-2 Dex+4}
 24570 | Lair:6   | Reached ****** piety under Makhleb
 26138 | Lair:6   | Found a large runed translucent door.
 26138 | Lair:6   | Found a large runed translucent door.
 26549 | Lair:6   | Reached skill level 19 in Spellcasting
 26859 | D:11     | Noticed Erolcha
 26862 | D:11     | Killed Erolcha
 27226 | D:11     | Reached XP level 15. HP: 104/104 MP: 0/0
 27226 | D:11     | Learned a level 6 spell: Death Channel
 27558 | D:12     | Found Woihay's Distillery.
 27575 | D:12     | Found a sparkling altar of Nemelex Xobeh.
 27916 | D:12     | Noticed Sonja
 27917 | D:12     | Killed Sonja
 28433 | D:13     | Found a transporter.
 28434 | D:13     | Noticed Mandevil's ghost (journeyman DjIE)
 28436 | D:13     | Identified the +9 great mace "Sijut" {vorpal, rElec rC+
                  | rN+}
 28438 | D:13     | Found a transporter.
 29315 | D:13     | Found a gate to the Vaults.
 29821 | Orc:1    | Entered Level 1 of the Orcish Mines
 29832 | Orc:1    | Reached skill level 5 in Shields
 29912 | Orc:2    | Entered Level 2 of the Orcish Mines
 29924 | Orc:2    | Reached skill level 20 in Spellcasting
 29999 | Orc:2    | Found Junup's Distillery.
 30028 | Orc:2    | Found a staircase to the Elven Halls.
 30439 | Orc:2    | Found Busim's Book Emporium.
 30439 | Orc:2    | Found Bashos's Antique Weapon Emporium.
 30440 | Orc:2    | Found Hydu's General Store.
 30444 | Orc:2    | Found Uda Baops's Distillery.
 30656 | Orc:1    | Found a bloodstained altar of Trog.
 30814 | Orc:1    | Found Emenassu's Assorted Antiques.
 30843 | Orc:1    | Bought an ichor-stained cloak for 218 gold pieces
 30843 | Orc:1    | Identified the +0 cloak of the Game Afoot {Drain rN++ Int+3
                  | Stlth+} (You bought it in a shop on level 1 of the Orcish
                  | Mines)
 31138 | Elf:1    | Entered Level 1 of the Elven Halls
 31143 | Elf:1    | Reached XP level 16. HP: 112/112 MP: 0/0
 31676 | Elf:1    | Identified the +6 kite shield of the Pleiades {Int+2}
 31679 | Elf:1    | Identified the +3 double sword of Doemovuo {vorpal, Will+
                  | Str+5 Dex+5}
 31693 | Elf:1    | Found a runed translucent gate.
 31693 | Elf:1    | Found a runed translucent gate.
 31693 | Elf:1    | Found a runed translucent gate.
 31693 | Elf:1    | Found a runed translucent gate.
 31693 | Elf:1    | Found a runed translucent gate.
 31695 | Elf:1    | Found a runed translucent gate.
 31695 | Elf:1    | Noticed a storm dragon
 31848 | Elf:1    | Upgraded the game from 0.27-a0-883-g39567a0c06 to
                  | 0.27-a0-887-gcab673c142
 32161 | D:14     | Noticed a tengu reaver
 32164 | D:14     | Reached skill level 21 in Spellcasting
 32167 | D:14     | Killed a tengu reaver
 32594 | D:14     | Identified the +3 chain mail of Satisfaction {Int-2 Dex+9}
 32614 | D:14     | Identified the +4 spear of the Blessed Realm {speed, +Blink
                  | Int+8 Dex-2 Stlth+}
 33107 | D:15     | Entered Level 15 of the Dungeon
 33408 | D:15     | Found Omaf's Armour Shoppe.
 33424 | D:15     | Reached XP level 17. HP: 118/118 MP: 0/0
 33424 | D:15     | Learned a level 6 spell: Conjure Ball Lightning
 33428 | D:15     | Bought a +0 helmet for 81 gold pieces
 33498 | D:15     | Found a staircase to the Depths.
 33515 | D:15     | Reached skill level 10 in Fighting
 33597 | D:15     | Found a runed translucent door.
 33598 | D:15     | Noticed McIrco's ghost (journeyman MiFi)
 33819 | D:15     | Killed McIrco's ghost
 33876 | Depths:1 | Entered Level 1 of the Depths
 33932 | Depths:1 | Noticed a sphinx
 33937 | Depths:1 | Killed a sphinx
 33975 | Depths:1 | Noticed Saint Roka
 33987 | Depths:1 | Killed Saint Roka
 34013 | Depths:1 | Reached skill level 22 in Spellcasting
 34330 | Lair:3   | Killed murderhobo's ghost
 34333 | Lair:3   | Identified the +8 hunting sling of Destiny {vorpal, Will+}
 34334 | Lair:3   | Identified the +6 long sword of the Shouting Seeker
                  | {vorpal, Contam rN+ Str+4 Int+2}
 34452 | Spider:1 | Entered Level 1 of the Spider Nest
 35423 | Spider:2 | Reached skill level 5 in Evocations
 35433 | Spider:2 | Reached XP level 18. HP: 126/126 MP: 0/0
 37237 | Spider:4 | Entered Level 4 of the Spider Nest
 37332 | Spider:4 | Reached skill level 23 in Spellcasting
 38227 | Spider:4 | Reached XP level 19. HP: 133/133 MP: 0/0
 38227 | Spider:4 | Learned a level 7 spell: Monstrous Menagerie
 38387 | Spider:4 | Got a gossamer rune of Zot
 39106 | Swamp:1  | Entered Level 1 of the Swamp
 39455 | Swamp:1  | You are sucked into a shaft and drop 1 floor!
 40214 | Swamp:2  | Reached skill level 1 in Long Blades
 41686 | Swamp:4  | Entered Level 4 of the Swamp
 41945 | Swamp:4  | Reached skill level 24 in Spellcasting
 42253 | Swamp:4  | Noticed Donald
 42257 | Swamp:4  | Killed Donald
 42288 | Swamp:4  | Identified the +9 mace "Obuol" {drain, rN+}
 42302 | Swamp:4  | Identified the +5 glaive of Peenyiph {protect, rF+}
 42503 | Swamp:4  | Reached XP level 20. HP: 140/140 MP: 0/0
 42598 | Swamp:4  | Noticed a bone dragon
 42609 | Swamp:4  | Killed a bone dragon
 42812 | Swamp:4  | Got a decaying rune of Zot
 43378 | Vaults:1 | Entered Level 1 of the Vaults
 44165 | Vaults:1 | Found the +5 robe of Misfortune {Contam Harm *Corrode Drain
                  | *Slow EV+5}
 44183 | Vaults:1 | Identified the +0 hat "Tureg" {Str+2 Int+2}
 44185 | Vaults:1 | Identified the +0 hat of the Louse {rElec SInv}
 44230 | Vaults:1 | Identified the +1 robe "Mober" {rN+}
 44235 | Vaults:1 | Identified the +0 hat of Wu Jian {rElec rN+ MP-9 Int+2}
 44251 | Vaults:1 | Identified the +3 robe of Honour {rCorr Int+3 Slay+3}
 44329 | Vaults:1 | Found Peyber's Jewellery Shop.
 44841 | Vaults:1 | Bought the ring of Mesir {Will+ rCorr MP+9 Str+6 Stlth+}
                  | for 1070 gold pieces
 45971 | Vaults:2 | Reached skill level 25 in Spellcasting
 46201 | Vaults:2 | Reached XP level 21. HP: 147/147 MP: 0/0
 46201 | Vaults:2 | Learned a level 7 spell: Spellforged Servitor
 46510 | Vaults:2 | Reached skill level 1 in Armour
 47226 | Vaults:3 | Reached skill level 10 in Shields
 47625 | Vaults:3 | Found Vohel's General Store.
 47640 | Vaults:3 | Bought a scroll of immolation for 73 gold pieces
 48198 | Vaults:3 | Found a staircase to the Crypt.
 48217 | Vaults:3 | Noticed a bone dragon
 48226 | Vaults:3 | Killed a bone dragon
 49217 | Vaults:4 | Reached XP level 22. HP: 153/154 MP: 0/0
 49791 | Vaults:4 | Reached skill level 26 in Spellcasting
 50369 | Depths:1 | Noticed Sojobo
 50377 | Depths:1 | Killed Sojobo
 50635 | Depths:1 | Found Buogoibo's Book Shoppe.
 50635 | Depths:1 | Found Lexzolue's Jewellery Boutique.
 50639 | Depths:1 | Found Siumoun's Book Shoppe.
 51011 | Depths:1 | Found a gateway to Hell.
 51631 | Depths:2 | Found a gateway to a ziggurat.
 51641 | Depths:2 | Paralysed by a floating eye for 2 turns
 51704 | Depths:2 | Paralysed by a floating eye for 3 turns
 52240 | Depths:2 | Paralysed by a floating eye for 4 turns
 52589 | Depths:3 | Reached XP level 23. HP: 161/161 MP: 0/0
 52589 | Depths:3 | Learned a level 8 spell: Chain Lightning
 52658 | Depths:3 | Found a transporter.
 52750 | Depths:3 | Identified the Papyrus of Contamination
 52992 | Depths:3 | Found a one-way gate leading to the halls of Pandemonium.
 53043 | Depths:3 | Found a transporter.
 53513 | Depths:4 | Reached skill level 27 in Spellcasting
 53527 | Depths:4 | Reached skill level 10 in Dodging
 53639 | Depths:4 | Found a one-way gate to the infinite horrors of the Abyss.
 53760 | Depths:4 | Reached skill level 5 in Armour
 53793 | Depths:4 | Noticed a golden dragon
 53795 | Depths:4 | Noticed a golden dragon
 53798 | Depths:4 | Killed a golden dragon
 53801 | Depths:4 | Killed a golden dragon
 53824 | Depths:4 | Noticed a caustic shrike
 53825 | Depths:4 | Killed a caustic shrike
 53826 | Depths:4 | Noticed a caustic shrike
 53827 | Depths:4 | Killed a caustic shrike
 54037 | Depths:5 | Entered Level 5 of the Depths
 54129 | Depths:5 | Noticed Margery
 54134 | Depths:5 | Killed Margery
 54254 | Depths:5 | Found a sacrificial altar of Ru.
 54308 | Depths:5 | Noticed a juggernaut
 54312 | Depths:5 | Killed a juggernaut
 54331 | Depths:5 | Reached XP level 24. HP: 171/171 MP: 0/0
 54343 | Depths:5 | Found a gate to the Realm of Zot.
 54649 | Depths:5 | Noticed Jory
 54652 | Depths:5 | Killed Jory
 54924 | Depths:5 | Identified the +0 chain mail of Purpose {Fly Will+ Int-5}
 55390 | Elf:2    | Found Teraess's Armour Shop.
 55390 | Elf:2    | Found Limeg's Book Emporium.
 55520 | Elf:2    | Found Tufoe's General Store.
 55753 | Elf:2    | Found Vezoyhul's Distillery.
 55769 | Elf:2    | Found Zykkiot's Weapon Shoppe.
 55988 | Elf:2    | Identified the +5 war axe "Utibbe" {drain, Dex+6}
 56012 | Elf:2    | Found a runed translucent gate.
 56019 | Elf:2    | Found a runed translucent gate.
 56020 | Elf:2    | Found a runed translucent gate.
 56279 | Elf:2    | Reached skill level 15 in Fighting
 56290 | Elf:2    | Reached skill level 10 in Armour
 56292 | Elf:2    | Noticed Agnes
 56299 | Elf:2    | Killed Agnes
 57145 | Elf:3    | Entered Level 3 of the Elven Halls
 58434 | Elf:3    | Noticed Bai Suzhen
 58440 | Elf:3    | Killed Bai Suzhen
 59042 | Elf:3    | Identified the +5 ring mail of Compression {Int+2}
 59046 | Elf:3    | Identified the +2 robe of the Arcane {rN+ Regen+ Stlth+}
 59056 | Elf:3    | Identified the +6 demon blade "Eca Oblo" {freeze, rElec
                  | rPois}
 59146 | Elf:3    | Found the +6 lightning scales {swift rElec}
 59182 | Elf:3    | Identified the +7 rapier of Dishonour {pain, Drain rPois
                  | Will+++}
 60170 | Vaults:5 | Entered Level 5 of the Vaults
 60175 | Vaults:5 | Reached XP level 25. HP: 176/180 MP: 0/0
 60175 | Vaults:5 | Learned a level 8 spell: Ignition
 60195 | Vaults:5 | Noticed an ancient lich
 60201 | Vaults:5 | Killed an ancient lich
 60214 | Vaults:5 | Noticed Xtahua
 60221 | Vaults:5 | Killed Xtahua
 60232 | Vaults:5 | Identified the amulet of Ukhliul {RegenMP rElec rN+++ MP-9
                  | Int-2}
 60266 | Vaults:5 | Reached skill level 15 in Dodging
 60292 | Vaults:5 | Noticed a dread lich
 60293 | Vaults:5 | Paralysed by a dread lich for 7 turns
 60304 | Vaults:5 | Killed a dread lich
 60420 | Vaults:5 | Reached XP level 26. HP: 185/191 MP: 0/0
 60770 | Vaults:5 | Identified the ring "Ulinwoh" {Fire rPois rN++ Int-5 Dex+3}
 60875 | Vaults:5 | Got a silver rune of Zot
 61398 | Vaults:5 | Found the +7 sceptre of Torment {pain, torment}
 61407 | Vaults:5 | Identified the ring of Levity {rC+ Will+ EV+4}
 61656 | Vaults:5 | Identified the +6 rapier of Ilic {speed, rElec rPois rC+++
                  | Int-2}
 61660 | Vaults:5 | Identified the +0 broad axe of Mysmeddu {pain, rC++ rN+
                  | SInv}
 62281 | Hell     | Entered the Vestibule of Hell
 62281 | Hell     | Noticed Geryon
 62288 | Hell     | Killed Geryon
 62386 | Hell     | Found a gateway to the decaying netherworld of Tartarus.
 62483 | Hell     | Found a gateway to the ashen valley of Gehenna.
 62551 | Hell     | Found a gateway to the Iron City of Dis.
 62650 | Hell     | Found a gateway to the freezing wastes of Cocytus.
 62978 | Crypt:1  | Entered Level 1 of the Crypt
 64171 | Crypt:2  | Found a basalt altar of Yredelemnul.
 64234 | Crypt:2  | Identified the +6 shortbow of Kakayqakh {freeze, Will+}
 64411 | Crypt:2  | Reached XP level 27. HP: 199/199 MP: 0/0
 64411 | Crypt:2  | Learned a level 9 spell: Dragon's Call
 64908 | Crypt:3  | Entered Level 3 of the Crypt
 64928 | Crypt:3  | Reached skill level 15 in Armour
 65929 | Crypt:3  | Found a staircase to the Tomb.
 66095 | Tomb:1   | Entered Level 1 of the Tomb of the Ancients
 68877 | Tomb:1   | Identified the +6 short sword of Linearity {vorpal, *Slow
                  | rElec Int+4 Stlth+}
 71124 | Slime:1  | Entered Level 1 of the Pits of Slime
 71484 | Slime:2  | Reached skill level 15 in Shields
 71498 | Slime:2  | Gained mutation: You are frail. (-10% HP) [a shining eye]
 74172 | Slime:5  | Entered Level 5 of the Pits of Slime
 74220 | Slime:5  | Noticed the Royal Jelly
 74224 | Slime:5  | HP: 6/180 [acid blob (27)]
 74224 | Slime:5  | Slain by the Royal Jelly

Illustrated notes

Levels and vault maps discovered:
D:1:      nzn_arrival_depleted_hourglass, layout_loops_corners,
          serial_park_tiny_2, minmay_cupped
D:2:      layout_rooms, chequers_ecumenical_altar_simple_redux, uniq_natasha,
          uniq_terence, uniq_crazy_yiuf_cottage
D:3:      layout_rooms
D:4:      layout_basic, nicolae_vehumet_altar_sigil, zin_statuary
D:5:      cheibrodos_thug_alley, layout_gridville, lemuel_crystal_altar,
          minmay_temple_entry_fiery, kennysheep_generic_room_4, uniq_menkaure,
          uniq_pikel
D:6:      layout_cave_pools, grunt_temple_overflow_holy_war,
          lemuel_crystal_altar, lemuel_round_altar, minmay_starry_boxes,
          uniq_duvessa
D:7:      layout_basic, grunt_decor_arrowhead, nrook_pool_corridor,
          kennysheep_boxes
D:8:      layout_rooms, grunt_qazlal_clouds, erik_lair_island, uniq_psyche
D:9:      layout_stronghold, enter_bailey_5
D:10:     layout_roguey, orc_0_dummy, lightli_corner_chamber
D:11:     layout_irregular_city, uniq_erolcha
D:12:     layout_irregular_city, serial_shops, shop, nemelex_spade_bored_becter,
          uniq_sonja
D:13:     layout_roguey, grunt_vaults_entry_fortified, gammafunk_ghost_smash,
          special_room [special_room_bee], kennysheep_generic_room_12
D:14:     minmay_the_grid_3x3 [minmay_the_grid_spin_star, minmay_the_grid_tree,
          minmay_the_grid_eight, minmay_the_grid_zigzag_pyramid,
          minmay_the_grid_plusring, minmay_the_grid_minigrid_large,
          minmay_the_grid_pillar_ring, minmay_the_grid_small_cups,
          minmay_the_grid_prize_big_room], layout_basic, dk_noncrumbling_4
D:15:     grunt_enter_depths_snipers, layout_cave_pools, serial_shops,
          nicolae_shop_waterfront, ebering_ghost_inner_flame
Temple:   jpeg_temple_clearing
Lair:1:   layout_roguey, nicolae_volcano_entry_s_turn
Lair:2:   layout_long_grid, serial_bayou_shore_b
Lair:3:   layout_regular_city, skrybe_swamp_entry_bodies,
          nicolae_spider_entry_non_spiders, ebering_ghost_xom,
          chequers_serial_rivers_small_3
Lair:4:   layout_long_grid, st_stairs_11, columned_hall_lemuel,
          serial_bayou_pond_d
Lair:5:   layout_small_grid, nicolae_slime_entry_slimehenge, grunt_megastairs_1
Lair:6:   cheibrodos_lair_end_hotspot, layout_cave_pods,
          bobbens_dragon_lair_wall
Swamp:1:  layout_basic_swamp, evilmike_swamp_ruin_house_4
Swamp:2:  layout_basic_swamp, serial_swamp_ruin, evilmike_swamp_ruin_house_1,
          evilmike_swamp_ruin_house_6, evilmike_swamp_ruin_house_2,
          nicolae_swamp_big_swirl
Swamp:3:  layout_basic_swamp, evilmike_swamp_ruin_rubble_2
Swamp:4:  swamp_pestilence, layout_basic_swamp, uniq_donald
Spider:1: layout_spider_delve
Spider:2: spiders_nest_scorpion_pit
Spider:3: layout_spider_delve, hangedman_spider_tarantella_strand,
          nicolae_spider_cling_halls
Spider:4: spider_rune_water, spiders_nest_spider_trap
Slime:1:  layout_caves
Slime:2:  cheibrodos_slime_lost_civilization_3, layout_caves,
          nicolae_slime_barrier
Slime:3:  layout_caves
Slime:4:  layout_caves
Slime:5
Orc:1:    layout_diamond_mine, serial_shops, shop, trog_butcher_becter
Orc:2:    st_orc_mages, layout_caves, serial_shops,
          nicolae_shop_temple_entry_statues_fountains
Elf:1:    eino_elf_arrival_shootout, layout_geoelf_octagon, orc_legates
Elf:2:    layout_loops_cross, infiniplex_enter_wizlab_spiral, serial_glass,
          glass_columns_a, glass_columns_a, minmay_strange_pillars,
          due_unseen_surprise, special_room [special_room_orc], serial_shops,
          shop, nicolae_shop_trees, shop, shop, shop, uniq_agnes
Elf:3:    minmay_elf_hall_statues, layout_geoelf_castle, minivault_16,
          uniq_bai_suzhen
Vaults:1: grunt_tower_of_power, vaults_mumra_chevron_long, v_misc_16,
          v_pattern_5, v_misc_32, hangedman_vaults_nodes,
          ontoclasm_vaults_decontamination, hangedman_vaults_locks,
          vaults_mumra_hex, nicolae_vaults_asterisk,
          nicolae_vaults_diagonal_hallway_7, layout_vaults_omnibox,
          serial_shops, nicolae_shop_behind_doors
Vaults:2: ontoclasm_vaults_ring_square, vaults_room_hangedman_quadrants,
          v_alt_pattern_5, grunt_vaults_bifocal, nicolae_vaults_sealed_display,
          vaults_standard_mumra_enter_the_diamond, hangedman_vaults_river_flow,
          v_misc_2, hangedman_vaults_maws, nicolae_vaults_rhombus_6,
          nicolae_vaults_hallways_thing, nicolae_vaults_little_squares_3,
          ontoclasm_vaults_gateway, nicolae_vaults_diagonal_hallway_6,
          layout_vaults_big_cross
Vaults:3: vaults_room_boxed, minmay_crypt_entry_nasty_monster,
          vaults_room_stairs_pillars, ontoclasm_vaults_loading_screen,
          v_misc_12, nicolae_vaults_mini_display_case, v_misc_11,
          v_alt_pattern_2, ontoclasm_vaults_twist, vaults_dpeg_diagonal,
          layout_vaults_chaotic_city, serial_shops, nicolae_shop_trees
Vaults:4: nicolae_vaults_circle_grid_a, grunt_vaults_trifunnel, v_pattern_4,
          v_misc_29, hangedman_vaults_nails, nicolae_vaults_network_quinsquares
          [nicolae_vaults_network_quincunx_subvault,
          nicolae_vaults_network_quincunx_subvault,
          nicolae_vaults_network_quincunx_subvault,
          nicolae_vaults_network_quincunx_subvault],
          nicolae_vaults_windows_and_doors_thing, layout_vaults_quadrants
Vaults:5: uniq_xtahua
Crypt:1:  layout_gridlike, grunt_megastairs_3, grunt_crypt_arrival_guarded_gate,
          lemuel_upstairs_altar
Crypt:2:  layout_rooms, hangedman_crypt_dual_shrines
Crypt:3:  cryptofortress_bobbens
Tomb:1
Depths:1: layout_roguey, hangedman_abyss_or_decor_lesser_grid, lightli_too_deep,
          serial_bayou_pond_b, tgw_sif, grunt_megastairs_5,
          serial_bayou_shore_a, minmay_shop_grove, firewood_loft,
          uniq_saint_roka, uniq_sojobo
Depths:2: minmay_outward_triangles, layout_long_grid, enter_ziggurat_c,
          hell_entry, minmay_misc_feat_tower, infiniplex_staircase_pool_2,
          serial_bayou_shore_b
Depths:3: gammafunk_its_a_trap, layout_honeycomb, grunt_pan_entry_sceptre,
          pf_coc_iceberg, chequers_big_river, hangedman_research_toxicology
Depths:4: minmay_shrinking_squares, layout_twisted_cross,
          pf_vacation_house_of_asmodeus, abyss_entry,
          chequers_serial_rivers_micro_b
Depths:5: grunt_zot_entry_tricorne, layout_cave_shapes, abyss_entry,
          nicolae_ru_sacrificial_ziggurat, hell_entry,
          fake_guardian_serpent_vault, serial_bayou_shore_b,
          serial_bayou_shore_b, uniq_jory, uniq_margery
Hell

Skill      XL: |  1  2  3  4  5  6  7  8  9 10 11 12 13 14 15 16 17 18 19 20 21 22 23 24 25 26 27 |
---------------+----------------------------------------------------------------------------------+-----
Spellcasting   | 3 4 5 6 8 9 11 14 16 17 19 20 21 22 23 24 25 26 27 | 27.0
Fighting       | 1 2 3 4 5 6 7 8 9 10 11 12 13 14 15 17 18 | 18.6
Staves         | 1 2 3 4 5 6 |  6.0
Dodging        | 3 4 5 6 7 8 9 11 13 15 16 17 | 17.7
Evocations     | 1 2 3 4 5 6 7 8 9 |  9.1
Shields        | 1 3 4 5 6 7 8 9 10 12 13 14 15 | 15.0
Long Blades    | 2 3 |  3.0
Armour         | 2 3 8 11 14 18 | 18.1
Stealth        | |  1.8
Invocations    | |  0.8

Action                   |  1- 3 |  4- 6 |  7- 9 | 10-12 | 13-15 | 16-18 | 19-21 | 22-24 | 25-27 || total
-------------------------+-------+-------+-------+-------+-------+-------+-------+-------+-------++-------
Melee: Staff             |       |    17 |     1 |     8 |       |       |       |       |     1 ||    27
       Falchion          |       |       |       |       |     1 |     3 |     4 |       |       ||     8
       Spear             |       |       |       |       |       |     1 |       |       |       ||     1
 Cast: Foxfire           |    69 |   188 |   252 |    87 |    26 |     4 |       |       |       ||   626
       Animate Skeleton  |     3 |     7 |       |       |     1 |     1 |       |       |       ||    12
       Conjure Flame     |       |     2 |       |       |     5 |       |       |       |       ||     7
       Passwall          |       |     2 |       |       |       |       |       |       |       ||     2
       Searing Ray       |       |       |     9 |    21 |    22 |       |     1 |       |       ||    53
       Fireball          |       |       |    16 |    95 |   170 |   254 |   415 |   232 |   334 ||  1516
       Ozocubu's Armour  |       |       |     1 |     4 |       |     4 |     2 |     3 |       ||    14
       Bolt of Magma     |       |       |       |    57 |   154 |   157 |   149 |    88 |   106 ||   711
       Lightning Bolt    |       |       |       |       |    65 |   107 |   183 |   127 |   100 ||   582
       Death Channel     |       |       |       |       |       |    11 |       |       |     1 ||    12
       Conjure Ball Ligh |       |       |       |       |       |       |    13 |    14 |    13 ||    40
       Chain Lightning   |       |       |       |       |       |       |       |    92 |    26 ||   118
       Monstrous Menager |       |       |       |       |       |       |       |    10 |    10 ||    20
       Spellforged Servi |       |       |       |       |       |       |       |     1 |       ||     1
       Ignition          |       |       |       |       |       |       |       |       |   146 ||   146
       Dragon's Call     |       |       |       |       |       |       |       |       |     1 ||     1
Evoke: Wand              |       |       |       |     6 |       |       |     1 |     3 |       ||    10
  Use: Scroll            |       |     3 |     5 |    17 |     4 |     5 |     2 |     5 |     2 ||    43
       Potion            |       |       |       |       |       |       |       |     4 |     1 ||     5
Armor: Robe              |     5 |     6 |     6 |       |       |       |       |       |       ||    17
       Steam dragon scal |       |       |       |    28 |     6 |       |       |       |       ||    34
       Troll leather arm |       |       |       |       |     4 |    32 |    28 |     1 |       ||    65
       Ice dragon scales |       |       |       |       |       |       |       |    85 |    60 ||   145
Dodge: Dodged            |    16 |    32 |    33 |    57 |    36 |    41 |    41 |    29 |    49 ||   334
Block: Buckler           |       |       |       |    19 |    11 |       |       |       |       ||    30
       Kite shield       |       |       |       |       |     2 |    76 |    81 |    58 |    45 ||   262
       Reflection        |       |       |       |       |       |       |       |       |     5 ||     5
       Rpst.: Falchion   |       |       |       |       |     8 |       |     5 |       |       ||    13

Table legend: (Time is in decaauts)
 A = Elapsed time spent in this place.
 B = Non-inter-level travel time spent in this place.
 C = Inter-level travel time spent in this place.
 D = Time resting spent in this place.
 E = Time spent auto-exploring this place.
 F = Levels seen in this place.
 G = Mean time per level.
                   A        B        C        D        E       F      G
               +--------+--------+--------+--------+--------+-----+--------+
         Total |  74388 |  64296 |  10092 |  18679 |  30730 |  57 | 1305.1 |
       Dungeon |  22682 |  19313 |   3369 |   6402 |   9218 |  15 | 1512.1 |
        Temple |     96 |     69 |     27 |      0 |     67 |   1 |   96.0 |
          Lair |   9465 |   8077 |   1388 |   1937 |   4523 |   6 | 1577.5 |
         Swamp |   3869 |   3569 |    300 |   1081 |   1711 |   4 |  967.2 |
   Spider Nest |   4604 |   4045 |    559 |   1395 |   1565 |   4 | 1151.0 |
    Slime Pits |   3107 |   2944 |    163 |   1265 |   1353 |   5 |  621.4 |
  Orcish Mines |   1504 |   1113 |    391 |    111 |    726 |   2 |  752.0 |
   Elven Halls |   5542 |   4551 |    991 |   1191 |   1778 |   3 | 1847.3 |
        Vaults |   8959 |   7552 |   1407 |   1381 |   4352 |   5 | 1791.8 |
         Crypt |   3363 |   2963 |    400 |    385 |   1558 |   3 | 1121.0 |
          Tomb |   3884 |   3334 |    550 |   2658 |      0 |   1 | 3884.0 |
        Depths |   5200 |   4672 |    528 |    428 |   2997 |   5 | 1040.0 |
          Hell |    416 |    399 |     17 |      0 |    242 |   1 |  416.0 |
        Bailey |   1214 |   1214 |      0 |    415 |    492 |   1 | 1214.0 |
       Volcano |    475 |    475 |      0 |     30 |    148 |   1 |  475.0 |
               +--------+--------+--------+--------+--------+-----+--------+

Top non-repeatable levels by time:
  Tomb:1: 3884 daAuts
     D:5: 2701 daAuts
   Elf:3: 2606 daAuts
  Lair:6: 2458 daAuts
     D:2: 2304 daAuts
     D:1: 2075 daAuts
Vaults:2: 2057 daAuts
  Lair:3: 2002 daAuts
     D:6: 1961 daAuts
Vaults:3: 1878 daAuts
Vaults:1: 1762 daAuts
Vaults:5: 1749 daAuts
   Elf:2: 1708 daAuts
Spider:4: 1647 daAuts
     D:4: 1625 daAuts
